[Event "Late-Titled-Tuesday-Blitz-March-26-2024"]
[Site "Chess.com"]
[Date "2024.03.26"]
[Round "3"]
[White "Lady_Nika"]
[Black "rikchessmx"]
[Result "0-1"]
[WhiteElo "2546"]
[BlackElo "2304"]
[TimeControl "180+1"]
[EndTime "14:29:37 PDT"]
[Termination "rikchessmx won by checkmate"]

1. c4 e5 2. Nc3 f5 3. d3 Nf6 4. e4 d6 5. g3 Be7 6. Bg2 O-O 7. h3 Nc6 8. Be3 Nd4 9. Nge2 c5 10. O-O Bd7 11. f4 fxe4 12. dxe4 Qc8 13. Kh2 Qe8 14. Nd5 Bd8 15. Nxd4 cxd4 16. Bd2 Rc8 17.
Qe1 Rxc4 18. b3 Rc2 19. Qd1 Rc8 20. f5 Nxd5 21. exd5 Rxf5 22. Bb4 Rxf1 23. Qxf1 Be7 24. Be4 Qh5 25. Qg2 Rf8 26. g4 Qg5 27. Bd2 Qh4 28.
Be1 Qh6 29. Bg3 Bh4 30. Bxh4 Qxh4 31. Rf1 Rxf1 32. Qxf1 Bxg4 33. Bg2 Bd7 34. Qc4 Qf4+ 35. Kh1 Qf8 36. Qc7 Bf5 37. Qxb7 d3 38. Qb4 e4 39.
Qd4 Qe7 40. Qe3 Qe5 41. Qxa7 e3 42.
Qb8+ Kf7 43. Qc7+ Kg6 44. Qc1 d2 45. Qc7 d1=Q+ 46. Bf1 Qxf1# 0-1

[Event "Late-Titled-Tuesday-Blitz-March-26-2024"]
[Site "Chess.com"]
[Date "2024.03.26"]
[Round "3"]
[White "Road2GM3000"]
[Black "Thjop"]
[Result "0-1"]
[WhiteElo "2415"]
[BlackElo "2613"]
[TimeControl "180+1"]
[EndTime "14:29:39 PDT"]
[Termination "Thjop won by resignation"]

1. d4 d5 2. c4 e5 3. cxd5 Qxd5 4.
Nc3 Qxd4 5. Qxd4 exd4 6. Nb5 Bb4+ 7. Bd2 Bxd2+ 8. Kxd2 Na6 9. Nxd4 Bd7 10. Rd1 O-O-O 11. Kc1 Nf6 12. e3 Ng4 13. Nh3 Nb4 14. a3 Nc6 15. Be2 Nge5 16. Ng5 h6 17. Ngf3 Nxf3 18. Bxf3 Ne5 19. Be4 c5 20. Nb3 b6 21. h3 Ba4 22. Bc2 Bxb3 23. Bxb3 Nd3+ 24. Kc2 Nxf2 25. Rxd8+ Rxd8 26. Rf1 Ne4 27. Rxf7 Rd2+ 28. Kc1 Rxg2 29.
Rxa7 Nf2 30. Bd5 Nd3+ 31. Kd1 Nxb2+ 32. Ke1 Nd3+ 33. Kf1 Rg5 34. e4 Nf4 35. h4 Re5 36. Rxg7 Nxd5 37. exd5 Rxd5 38. Rg6 Kb7 39. Rxh6 Rd3 40.
a4 Ra3 41. Ke2 Rxa4 42. Kd3 Ka6 43. Rh8 Kb5 44. h5 Ra3+ 45. Kd2 Rh3 46. h6 Kc4 47. h7 b5 48. Kc2 b4 49. Kd2 Rh2+ 50. Ke3 b3 51. Ke4 b2 52. Rb8 Kc3 53. Kd5 Rxh7 54. Kxc5 Kc2 0-1

[Event "Late-Titled-Tuesday-Blitz-March-26-2024"]
[Site "Chess.com"]
[Date "2024.03.26"]
[Round "3"]
[White "prime-morty"]
[Black "GAO"]
[Result "1-0"]
[WhiteElo "2569"]
[BlackElo "2323"]
[TimeControl "180+1"]
[EndTime "14:29:40 PDT"]
[Termination "prime-morty won by resignation"]

1. c4 e5 2. Nc3 Bb4 3. Nf3 Bxc3 4.
bxc3 d6 5. e4 f5 6. exf5 Bxf5 7.
d3 Nf6 8. Nh4 Be6 9. Qf3 O-O 10.
Qxb7 Nbd7 11. Be2 Ng4 12. Nf3 Nc5 13. Qb1 Rb8 14. Qc2 Bf5 15. h3 e4 16. hxg4 exd3 17. Qd2 Re8 18. Nd4 Bg6 19. f4 dxe2 20. f5 Ne4 21.
Qd3 Nc5 22. Qh3 Qf6 23. g5 Qf7 24. Bd2 Qxc4 25. Kf2 Ne4+ 26. Kg1 Nxd2 27. fxg6 h6 28. Re1 Rb1 29. Kh2 Rxe1 30. Rxe1 Qxc3 31. Qxc3 Nf1+ 32. Kg1 hxg5 33. Qb3+ Kh8 34. Qh3+ Kg8 35. Qh7+ Kf8 36. Qh8+ Ke7 37. Qxg7+ Kd8 38. Qf6+ Kc8 39. g7 Ng3 40. Qf8 Kd7 41. Qxe8+ Kxe8 42. g8=Q+ Kd7 43. Qf7+ 1-0

[Event "Late-Titled-Tuesday-Blitz-March-26-2024"]
[Site "Chess.com"]
[Date "2024.03.26"]
[Round "3"]
[White "HelenaWalker2912"]
[Black "kai_nov"]
[Result "1-0"]
[WhiteElo "2493"]
[BlackElo "2344"]
[TimeControl "180+1"]
[EndTime "14:29:40 PDT"]
[Termination "HelenaWalker2912 won on time"]

1. d4 d5 2. c4 e6 3. Nc3 c6 4.
Nf3 dxc4 5. a4 Bb4 6. e4 b5 7.
Be2 Bb7 8. O-O a6 9. Bd2 Nf6 10. e5 Nd5 11. Ne4 Be7 12. b3 cxb3 13. Qxb3 O-O 14.
Bd3 Nd7 15. Bb1 Re8 16. Nfg5 h6 17. Qh3 c5 18. Qh5 Rf8 19. Nf3 f5 20. exf6 N7xf6 21. Nxf6+ Rxf6 22. Ne5 cxd4 23. Ng4 Nc3 24. Nxf6+ Bxf6 25.
Qg6 Nxb1 26. Raxb1 Qd5 27. Bxh6 Rc8 28. Rfe1 Rc2 29.
Bf4 d3 30. axb5 axb5 31. Re3 1-0

[Event "Late-Titled-Tuesday-Blitz-March-26-2024"]
[Site "Chess.com"]
[Date "2024.03.26"]
[Round "3"]
[White "AungTZ"]
[Black "IsuruAlahakoon"]
[Result "0-1"]
[WhiteElo "2026"]
[BlackElo "2371"]
[TimeControl "180+1"]
[EndTime "14:29:40 PDT"]
[Termination "IsuruAlahakoon won on time"]

1. e4 d5 2. exd5 Qxd5 3. Nc3 Qa5 4. Nf3 Nf6 5. g3 Bg4 6. Bg2 Nc6 7. h3 Bh5 8. d3 O-O-O 9. Bd2 e5 10. O-O h6 11. b4 Bxb4 12. Qe1 Nd4 13. Nxd4 exd4 14. Ne4 Bxd2 15. Nxd2 Rhe8 16. Qc1 Nd5 17. Nc4 Qa6 18. Rb1 Nc3 19. Qb2 Nxb1 20. Rxb1 c6 21. Qb4 Kc7 22. a4 f6 23. Na3 Bf7 24. Qc5 Bd5 25.
Nb5+ Kb8 26. Nd6 Re7 27. Bxd5 cxd5 28. Nb5 Red7 29. Qxd4 g5 30. g4 Qb6 0-1

[Event "Late-Titled-Tuesday-Blitz-March-26-2024"]
[Site "Chess.com"]
[Date "2024.03.26"]
[Round "3"]
[White "Chempiblinka"]
[Black "Slovak_fighter2000"]
[Result "0-1"]
[WhiteElo "2386"]
[BlackElo "2597"]
[TimeControl "180+1"]
[EndTime "14:29:41 PDT"]
[Termination "Slovak_fighter2000 won on time"]

1. Nf3 Nf6 2. g3 b5 3. Bg2 Bb7 4. O-O e6 5. d4 c5 6. c3 Qb6 7. Bg5 Be7 8. Nbd2 d6 9. Re1 h6 10. Bxf6 Bxf6 11. e3 Nd7 12. Qe2 O-O 13. e4 cxd4 14.
cxd4 Bxd4 15. Nxd4 Qxd4 16. Qxb5 Nb6 17. Rad1 Rfd8 18.
Nf3 Qf6 19. e5 dxe5 20. Qxe5 Qxe5 21. Nxe5 Bxg2 22. Kxg2 Rxd1 23. Rxd1 Rc8 24. Rd2 Nd5 25. Nf3 Rc1 26. Nd4 Ra1 27. a3 Rb1 28. Rc2 g5 29.
Nc6 a6 30. Nb8 a5 31. Nc6 a4 32. Ne5 Kg7 33. Nd3 g4 34. Nc5 h5 35. Nxa4 Nf6 36. Nc5 Nh7 37. a4 Ng5 38. f4 Nh3 0-1

[Event "Late-Titled-Tuesday-Blitz-March-26-2024"]
[Site "Chess.com"]
[Date "2024.03.26"]
[Round "3"]
[White "CarlosjPineror"]
[Black "esrosenberg"]
[Result "1-0"]
[WhiteElo "2727"]
[BlackElo "2489"]
[TimeControl "180+1"]
[EndTime "14:29:42 PDT"]
[Termination "CarlosjPineror won by resignation"]

1. e4 g6 2. d4 Bg7 3. Nc3 d5 4. e5 Nh6 5. h3 O-O 6. Nf3 f6 7. exf6 exf6 8. Be2 c6 9. O-O Nf5 10. Bf4 Na6 11. Qd2 Nc7 12. Rfe1 Ne6 13. Bh2 Re8 14.
Rad1 Bd7 15. g4 Ne7 16. Bd3 Qa5 17. a3 Kf7 18. Ne2 Qxd2 19. Rxd2 Bh6 20. Rdd1 Bf8 21. Nf4 Nxf4 22. Bxf4 Nc8 23. Rxe8 Bxe8 24. Kg2 Bd6 25. Bg3 Bxg3 26. fxg3 Nd6 27. Re1 Bd7 28. c3 Re8 29. Rxe8 Kxe8 30. Kf2 Ke7 31. Ke3 b6 32. Kf4 c5 33. h4 c4 34. Bc2 b5 35. g5 a5 36.
g4 Ne8 37. gxf6+ Kxf6 38. Ne5 Bc8 39. g5+ Ke6 40. h5 gxh5 41. Bf5+ 1-0

[Event "Late-Titled-Tuesday-Blitz-March-26-2024"]
[Site "Chess.com"]
[Date "2024.03.26"]
[Round "3"]
[White "Oleg_Papayan"]
[Black "moro182"]
[Result "1-0"]
[WhiteElo "2638"]
[BlackElo "2883"]
[TimeControl "180+1"]
[EndTime "14:29:43 PDT"]
[Termination "Oleg_Papayan won by resignation"]

1. e4 g6 2. d4 Bg7 3. Nc3 a6 4.
Be3 b5 5. a3 Bb7 6. f3 Nf6 7.
Qd2 d6 8. Bh6 O-O 9. Nge2 e5 10.
h4 exd4 11. Nxd4 c5 12. Nb3 c4 13. Bxg7 Kxg7 14. Nd4 d5 15. O-O-O Nbd7 16. h5 gxh5 17. Qg5+ Kh8 18. e5 Rg8 19. Qf5 Ne8 20. Rxh5 Rg7 21. f4 Nf8 22. Qh3 Qd7 23. f5 a5 24. Ncxb5 Qd8 25.
Be2 Ba6 26. Nc3 Qb6 27. Rh6 f6 28. exf6 Nxf6 29. Nxd5 Nxd5 30. Rxb6 Nxb6 31. Ne6 Nxe6 32. fxe6 Na4 33. Rd7 c3 34. b3 Bxe2 35. Rxg7 Kxg7 36. bxa4 Rf8 37. Qxc3+ Kg6 38. e7 Re8 39. Qe5 Bh5 40.
Qe6+ Kg7 41. c4 Bf7 42. Qe5+ Kg6 43. c5 Rc8 44. Qd6+ Kg7 45. c6 Be8 46. c7 Kf7 47.
Qd8 1-0

[Event "Late-Titled-Tuesday-Blitz-March-26-2024"]
[Site "Chess.com"]
[Date "2024.03.26"]
[Round "3"]
[White "xasid81"]
[Black "ViIIagra"]
[Result "0-1"]
[WhiteElo "2613"]
[BlackElo "2882"]
[TimeControl "180+1"]
[EndTime "14:29:44 PDT"]
[Termination "ViIIagra won by resignation"]

1. Nf3 d6 2. e4 a6 3. d4 Nf6 4. Bd3 g6 5. h3 Bg7 6. O-O O-O 7.
Re1 c5 8. dxc5 dxc5 9. Nc3 Nc6 10. Be3 Nd4 11. e5 Nd5 12. Nxd4 Nxe3 13. fxe3 cxd4 14. exd4 Qxd4+ 15. Kh1 Bxe5 16. Qe2 Bf6 17. Rad1 Qc5 18. Ne4 Qa5 19. Nxf6+ exf6 20. Be4 Re8 21. Qf2 f5 22. Bd5 Rxe1+ 23. Qxe1 Qxe1+ 24. Rxe1 Kf8 25. Re3 Rb8 26. Rc3 Ke7 27. Kg1 b5 28. Rc6 a5 29.
Kf2 h6 30. Ke3 Be6 31. Bxe6 fxe6 32. Ra6 a4 33. Ra5 g5 34. Kd4 f4 35. Ke5 Kf7 36.
Ra7+ Kg6 37. Ra6 Rc8 38. Rxe6+ Kh5 39. Rb6 Rxc2 40. Rxb5 Rxg2 41. b4 Rxa2 42. Ra5 f3 43.
Ke4 f2 44. Rf5 Rb2 45. Ke3 a3 46. b5 a2 0-1

[Event "Late-Titled-Tuesday-Blitz-March-26-2024"]
[Site "Chess.com"]
[Date "2024.03.26"]
[Round "3"]
[White "guillembaches"]
[Black "Fonsofan"]
[Result "0-1"]
[WhiteElo "2545"]
[BlackElo "2736"]
[TimeControl "180+1"]
[EndTime "14:29:44 PDT"]
[Termination "Fonsofan won on time"]

1. d4 b5 2. Nf3 Bb7 3. Bg5 h6 4. Bh4 Nf6 5. Nbd2 e6 6. e4 g5 7.
Bg3 Nxe4 8. Nxe4 Bxe4 9. Bxb5 Bg7 10. O-O O-O 11. Re1 f5 12. Be5 Nc6 13. Bxg7 Kxg7 14.
c3 Rb8 15. a4 Bxf3 16. Qxf3 Ne7 17. b4 c6 18. Bc4 Qc7 19. a5 Qf4 20. Qe2 Nd5 21. Rac1 Qd6 22. Qe5+ Qxe5 23. Rxe5 Kf6 24. g3 h5 25. Kg2 Rh8 26. Re2 h4 27. Rb2 Nc7 28. Be2 Nb5 29. Rd2 Nd6 30. Rb2 Rb7 31.
c4 h3+ 32. Kf1 Rhb8 33. Rcb1 Ne4 34. Bd3 Nc3 35. Rc1 Na4 36. Ra2 Rxb4 37. Rca1 Nb2 0-1

[Event "Late-Titled-Tuesday-Blitz-March-26-2024"]
[Site "Chess.com"]
[Date "2024.03.26"]
[Round "3"]
[White "aa175"]
[Black "omeed_87"]
[Result "1-0"]
[WhiteElo "2723"]
[BlackElo "2419"]
[TimeControl "180+1"]
[EndTime "14:29:45 PDT"]
[Termination "aa175 won on time"]

1. d4 f5 2. c4 Nf6 3. Nc3 g6 4. h4 h6 5. e4 d6 6. h5 g5 7. exf5 Bxf5 8. Bd3 Qd7 9. Qf3 Bxd3 10.
Qxd3 e6 11. Qf3 Bg7 12. Qxb7 O-O 13. Qxa8 Nc6 14. Qxf8+ Kxf8 15. Nge2 Nb4 16. O-O Nxh5 17. Be3 Kg8 18. Rad1 Nf6 19. d5 exd5 20. cxd5 a5 21. Rd2 Ng4 22. Bd4 Ne5 23. Rfd1 Qg4 24. Bxe5 Bxe5 25.
a3 Na6 26. Nb5 h5 27. Ned4 h4 28. Kh1 h3 29. g3 Nc5 30. Re2 Ne4 31. Rde1 Bxg3 32.
Rxe4 1-0

[Event "Late-Titled-Tuesday-Blitz-March-26-2024"]
[Site "Chess.com"]
[Date "2024.03.26"]
[Round "3"]
[White "maximnovik"]
[Black "Bkmzzzzz"]
[Result "0-1"]
[WhiteElo "2583"]
[BlackElo "2405"]
[TimeControl "180+1"]
[EndTime "14:29:45 PDT"]
[Termination "Bkmzzzzz won by checkmate"]

1. e4 d6 2. d4 Nf6 3. Bd3 e5 4.
Nf3 Nbd7 5. c3 Be7 6. O-O O-O 7.
Re1 c6 8. a4 a5 9. Na3 Qc7 10.
h3 h6 11. Nc2 Rd8 12. Be3 Nf8 13. Qc1 Kh7 14. Bc4 Be6 15. Bxe6 Nxe6 16. dxe5 dxe5 17.
Nd2 Nc5 18. Qb1 Rd7 19. Na3 Rad8 20. Nac4 b5 21. axb5 cxb5 22. Nxa5 Rxd2 23. Bxd2 Rxd2 24. Qa2 Ncxe4 25. Qxf7 Nxf2 26. Nb3 Nxh3+ 27. Kh1 Nf2+ 28. Kg1 Rxb2 29. Rf1 N2g4 30. Qe6 Bc5+ 31. Nd4 exd4 32. Rxf6 Nxf6 33. Qf5+ Kh8 34. Ra8+ Ng8 35. Qd5 dxc3+ 36. Kf1 Qf4+ 37. Ke1 Qf2+ 38. Kd1 Qf1# 0-1

[Event "Late-Titled-Tuesday-Blitz-March-26-2024"]
[Site "Chess.com"]
[Date "2024.03.26"]
[Round "3"]
[White "leandrojimenez"]
[Black "campochess"]
[Result "1-0"]
[WhiteElo "2402"]
[BlackElo "2159"]
[TimeControl "180+1"]
[EndTime "14:29:47 PDT"]
[Termination "leandrojimenez won by resignation"]

1. d4 Nf6 2. Nf3 g6 3. c4 Bg7 4. Nc3 d5 5. Bg5 Ne4 6. Bh4 Nxc3 7. bxc3 c6 8. e3 O-O 9. Be2 Nd7 10. O-O Re8 11.
cxd5 cxd5 12. c4 Qa5 13. Qb3 e6 14. cxd5 exd5 15. Rfc1 Nb6 16. Rc7 Be6 17. Rxb7 Nc4 18. Ng5 Nd2 19. Qb2 Ne4 20. Nxe6 Rxe6 21. Rc1 Rb6 22.
Rxb6 axb6 23. Rc2 Qe1+ 24. Bf1 g5 25. Bg3 Nxg3 26. hxg3 Qa5 27. Bb5 Bf6 28. g4 Rb8 29. a4 Qe1+ 30. Kh2 Qa5 31. g3 Qa7 32. Kg2 Qe7 33.
Rc6 Qe4+ 34. Kg1 Qe7 35. Qc2 Rb7 36. Qf5 Kg7 37. Bd3 h6 38. Qh7+ Kf8 39. Rc8+ Qd8 40. Rxd8+ Bxd8 41. Qxh6+ Ke8 42. Bb5+ Ke7 43. Qxg5+ f6 44.
Qxd5 1-0

[Event "Late-Titled-Tuesday-Blitz-March-26-2024"]
[Site "Chess.com"]
[Date "2024.03.26"]
[Round "3"]
[White "Genghis_K"]
[Black "Karttunen"]
[Result "1-0"]
[WhiteElo "2930"]
[BlackElo "2712"]
[TimeControl "180+1"]
[EndTime "14:29:48 PDT"]
[Termination "Genghis_K won by checkmate"]

1. e4 c5 2. Nf3 d6 3. d4 cxd4 4. Nxd4 Nf6 5. Nc3 a6 6. Be2 e5 7. Nb3 Be7 8. Bg5 Nbd7 9. a4 h6 10. Be3 Qc7 11. O-O O-O 12. a5 Nc5 13. Nxc5 dxc5 14.
Bc4 Bg4 15. f3 Be6 16. Qe2 Qc6 17. Na4 Rad8 18. Nb6 Nh5 19. Nd5 Bxd5 20. Bxd5 Qc7 21. Rfd1 Nf6 22. Bc4 Rxd1+ 23. Qxd1 Rd8 24. Qe1 Nh5 25.
g3 Bg5 26. Bxg5 hxg5 27. Qe3 Qe7 28. Kf2 Nf6 29. Be2 Ne8 30. c3 Nc7 31. Rd1 Rxd1 32. Bxd1 g6 33. Bb3 Kg7 34. Ke2 Kf6 35. Qd3 Ne6 36.
Bd5 Ng7 37. Qc4 Ne8 38. Qb3 Nd6 39. Qb6 Kg7 40. Qxc5 Qd7 41. g4 Ne8 42. Bb3 Nc7 43.
Qxe5+ Kg8 44. Qxg5 Kg7 45. Qe5+ Kh7 46. h4 Nb5 47. h5 Nd6 48. hxg6+ fxg6 49. g5 Qc7 50. Qh2+ Kg7 51. Qh6# 1-0

[Event "Late-Titled-Tuesday-Blitz-March-26-2024"]
[Site "Chess.com"]
[Date "2024.03.26"]
[Round "3"]
[White "protectiago"]
[Black "Nekoo04"]
[Result "0-1"]
[WhiteElo "2079"]
[BlackElo "2384"]
[TimeControl "180+1"]
[EndTime "14:29:48 PDT"]
[Termination "Nekoo04 won on time"]

1. d4 d5 2. c4 e6 3. g3 Nf6 4.
Nf3 dxc4 5. Bg2 c5 6. O-O Nc6 7. Qa4 Bd7 8. dxc5 Bxc5 9. Qxc4 Be7 10. Rd1 O-O 11. Bf4 Qb6 12. b3 Nd5 13. Nc3 Bf6 14. Na4 Qa5 15. Bd2 b5 16. Bxa5 bxc4 17. bxc4 Nxa5 18. Nc5 Bxa1 19. Nxd7 Rfd8 20. cxd5 Rxd7 21.
Rxa1 exd5 22. Nd4 Rc8 23. e3 g6 24. Rd1 Rc3 25. Nf3 Rc2 26. Ne5 Rd6 27. Bxd5 Kg7 28.
Nxf7 Nc4 29. Ng5 h6 30. Nh3 Nb6 31. Bf3 Rxd1+ 32. Bxd1 Rc1 0-1

[Event "Late-Titled-Tuesday-Blitz-March-26-2024"]
[Site "Chess.com"]
[Date "2024.03.26"]
[Round "3"]
[White "1g60-1"]
[Black "RebelJohnny"]
[Result "0-1"]
[WhiteElo "2378"]
[BlackElo "2591"]
[TimeControl "180+1"]
[EndTime "14:29:49 PDT"]
[Termination "RebelJohnny won by resignation"]

1. Nf3 d5 2. e3 Nf6 3. c4 e6 4.
Nc3 Be7 5. b3 O-O 6. Bb2 c5 7. d4 cxd4 8. Qxd4 Nc6 9. Qd3 Nb4 10.
Qe2 dxc4 11. bxc4 b6 12. a3 Na6 13. Nd4 Bb7 14. O-O-O Qe8 15. f3 Bc5 16. Kb1 Qe7 17. Ka2 Rfd8 18. g4 Nxg4 19. Rg1 Ne5 20. Na4 f6 21.
Bh3 Bxd4 22. Rxd4 Nxf3 23. Rxd8+ Rxd8 24. Rd1 Rxd1 25. Qxd1 Ng5 26. Bg4 Ne4 27. Nc3 Nxc3+ 28. Bxc3 Nc5 29. Bb4 a5 30. Bxc5 bxc5 31. Qb3 f5 32.
Be2 Be4 33. Qb6 Qd7 34. Qb2 Qd6 35. Bh5 g6 36. Be2 Qxh2 37. Qb8+ Qxb8 0-1

[Event "Late-Titled-Tuesday-Blitz-March-26-2024"]
[Site "Chess.com"]
[Date "2024.03.26"]
[Round "3"]
[White "AccioChess"]
[Black "KuzubovYuriy"]
[Result "0-1"]
[WhiteElo "2517"]
[BlackElo "2919"]
[TimeControl "180+1"]
[EndTime "14:29:51 PDT"]
[Termination "KuzubovYuriy won on time"]

1. e4 g6 2. d4 Bg7 3. Nc3 d6 4.
Nf3 Nf6 5. Bg5 h6 6. Be3 Nbd7 7.
h3 e5 8. Qd2 a6 9. Bc4 b5 10. Bd3 Bb7 11. d5 c6 12. dxc6 Bxc6 13.
a3 Nh5 14. O-O Qf6 15. a4 bxa4 16. Nd5 Bxd5 17. exd5 Nf4 18. Bxf4 Qxf4 19. Qxf4 exf4 20. Rfe1+ Kd8 21. Rxa4 Bxb2 22. Rxa6 Rxa6 23. Bxa6 Nc5 24. Bb5 Bc3 25. Re2 f5 26. Nd2 Bxd2 27. Rxd2 Ke7 28. Re2+ Kf6 29. c4 Ra8 30. Kh2 g5 31. Bc6 Ra3 32. Bb5 g4 33. hxg4 fxg4 34. f3 gxf3 35. gxf3 Rxf3 36. Re8 Re3 37. Rf8+ Ke5 38. Rh8 Re2+ 39.
Kg1 f3 40. Rxh6 Ne4 0-1

[Event "Late-Titled-Tuesday-Blitz-March-26-2024"]
[Site "Chess.com"]
[Date "2024.03.26"]
[Round "3"]
[White "randomo"]
[Black "Keks2017"]
[Result "0-1"]
[WhiteElo "2260"]
[BlackElo "2560"]
[TimeControl "180+1"]
[EndTime "14:29:51 PDT"]
[Termination "Keks2017 won on time"]

1. e4 d6 2. Nc3 Nf6 3. f4 g6 4.
Bc4 Bg7 5. d3 O-O 6. Nf3 c6 7.
O-O d5 8. Bb3 e6 9. Qe1 Na6 10.
e5 Nd7 11. d4 c5 12. dxc5 Ndxc5 13. Nb5 Nxb3 14. axb3 Qb6+ 15. Nbd4 Nc5 16. Be3 Qd8 17. Nc6 bxc6 18. Bxc5 Re8 19. Nd4 Bb7 20. Qb4 Qd7 21. Ra5 a6 22. Qd2 f6 23. Bd6 fxe5 24. fxe5 Bf8 25. Bxf8 Rxf8 26. b4 Rxf1+ 27. Kxf1 Rf8+ 28. Kg1 Qc7 29. Nf3 Qb6+ 30. Qd4 Qd8 31. Ra1 Qe7 32. c3 Kg7 33. Rf1 h6 34. h4 Rf7 35. Qg4 Rf5 36.
Re1 c5 37. bxc5 Qxc5+ 38. Kh1 Qf2 39. Rg1 Bc8 40. Qb4 Bd7 0-1

[Event "Late-Titled-Tuesday-Blitz-March-26-2024"]
[Site "Chess.com"]
[Date "2024.03.26"]
[Round "3"]
[White "VD_coach"]
[Black "ThinkingSquares"]
[Result "0-1"]
[WhiteElo "2503"]
[BlackElo "2796"]
[TimeControl "180+1"]
[EndTime "14:29:52 PDT"]
[Termination "ThinkingSquares won by resignation"]

1. Nf3 c5 2. e3 b6 3. d4 Nf6 4.
c4 g6 5. Nc3 Bg7 6. Be2 O-O 7. d5 e6 8. O-O d6 9. e4 e5 10. a3 Ne8 11. b4 Na6 12. Rb1 f5 13. Ng5 Nec7 14. Nb5 h6 15. Ne6 Nxe6 16. dxe6 Bxe6 17.
Nxd6 Qe7 18. exf5 gxf5 19. Nb5 cxb4 20. axb4 Nxb4 21. Ba3 a5 22. Qb3 e4 23. Bxb4 axb4 24. Qxb4 Qxb4 25. Rxb4 Ra2 26. Bd1 Rd8 27. Nc7 Bf7 28.
Nd5 Bd4 29. Bb3 Rb2 30. Ne7+ Kf8 31. Nc6 Bc5 32. Nxd8 Bxb4 33. Nxf7 Kxf7 34. Ba4 Bc5 35. Bd7 Kf6 36. g3 Ke5 37. h4 f4 38. gxf4+ Kxf4 39. Be8 Be7 40. Bh5 Bxh4 41. Bg6 Be7 42. Re1 Kg5 43.
Bxe4 Bc5 44. Kh1 Rxf2 45. Bd5 Rd2 46. Re6 h5 47. Re8 h4 48. Rg8+ Kf4 49. Rf8+ Bxf8 0-1

[Event "Late-Titled-Tuesday-Blitz-March-26-2024"]
[Site "Chess.com"]
[Date "2024.03.26"]
[Round "3"]
[White "Attacker_2006"]
[Black "yuriydovzik"]
[Result "1-0"]
[WhiteElo "2394"]
[BlackElo "2118"]
[TimeControl "180+1"]
[EndTime "14:29:52 PDT"]
[Termination "Attacker_2006 won on time"]

1. e4 c6 2. Nf3 g6 3. d4 Na6 4. Bc4 d5 5. Bxa6 Qa5+ 6. c3 Qxa6 7. exd5 cxd5 8. Qe2 Qxe2+ 9. Kxe2 b6 10. h3 Ba6+ 11.
Kd1 e6 12. Bf4 f6 13. Re1 Kd7 14. Nbd2 Bd6 15. Bxd6 Kxd6 16. a4 Ne7 17. a5 g5 18.
Nb3 Bd3 19. Kd2 Be4 20. Re3 Nc6 21. Ke1 h5 22. Nbd2 Bg6 23. Nb3 g4 24. Ng1 Bc2 25. Nd2 Nxa5 26. b4 Nb3 27. Nxb3 Bxb3 28. h4 a5 29. Rb1 a4 30. Ne2 a3 31. Nc1 a2 32.
Ra1 Bc4 33. Kd2 e5 34. dxe5+ fxe5 35. Kc2 Rhf8 36. f3 gxf3 37. gxf3 d4 38. cxd4 exd4 39. Re4 Kd5 40. Re7 Rxf3 41. Rd7+ Ke5 42. Re7+ 1-0

[Event "Late-Titled-Tuesday-Blitz-March-26-2024"]
[Site "Chess.com"]
[Date "2024.03.26"]
[Round "3"]
[White "EgorYakovlev"]
[Black "ckgchess"]
[Result "0-1"]
[WhiteElo "2698"]
[BlackElo "2913"]
[TimeControl "180+1"]
[EndTime "14:29:53 PDT"]
[Termination "ckgchess won by resignation"]

1. e4 c5 2. Nf3 d6 3. d4 cxd4 4.
Nxd4 Nf6 5. Nc3 e5 6. Bb5+ Nbd7 7.
Nf5 a6 8. Ba4 b5 9. Bb3 Nc5 10.
Ne3 Be7 11. Bd5 Rb8 12. a3 O-O 13. O-O a5 14. f3 b4 15. axb4 axb4 16. Ne2 Be6 17.
Ng3 g6 18. Kh1 Qd7 19. c3 bxc3 20. bxc3 h5 21. Ne2 h4 22. Ba3 h3 23. Rg1 hxg2+ 24.
Rxg2 Rfc8 25. Bxc5 Rxc5 26. c4 Nxd5 27. exd5 Bh3 28. Rg3 Bh4 29. Ng4 Bxg4 30. Rxg4 Bf6 31. Rc1 Rbc8 32. Qd3 Bg7 33. h4 Qf5 34. Qxf5 gxf5 35.
Rg5 Rxc4 36. Rcg1 Rxh4+ 37. Kg2 f6 38. Rg3 f4 39. Rh3 Rxh3 40. Kxh3 Kf7 41. Rb1 Rc5 42.
Rd1 f5 43. Kg2 Bf6 44. Nc1 e4 45. Ne2 Rc2 46. Kf1 Be5 47. Nd4 Bxd4 48. Rxd4 Kf6 49. Ra4 Ke5 50. Ke1 Rc3 51. fxe4 fxe4 0-1

[Event "Late-Titled-Tuesday-Blitz-March-26-2024"]
[Site "Chess.com"]
[Date "2024.03.26"]
[Round "3"]
[White "TigrVShlyape"]
[Black "Revan_2002"]
[Result "1/2-1/2"]
[WhiteElo "2893"]
[BlackElo "2646"]
[TimeControl "180+1"]
[EndTime "14:29:55 PDT"]
[Termination "Game drawn by agreement"]

1. e4 e5 2. Nf3 Nc6 3. Bb5 a6 4. Ba4 d6 5. c3 Bd7 6. O-O Nf6 7. Re1 g6 8. d4 Bg7 9. dxe5 Nxe5 10. Nxe5 dxe5 11.
Bxd7+ Nxd7 12. Be3 O-O 13. Nd2 Qe7 14. Qb3 b6 15. a4 a5 16. Qc4 Rfc8 17. Nf3 Nf8 18. Red1 Ne6 19. Rd3 Rd8 20. Rad1 Rxd3 21. Rxd3 Rd8 22.
Rd5 Rxd5 23. Qxd5 Nf8 24. Nd2 Qd7 25. Qxd7 Nxd7 26. b4 axb4 27. cxb4 Bf8 28. a5 bxa5 29. bxa5 Nb8 30. Nc4 f6 31. g3 Kf7 32. Kg2 Ke6 33. f4 exf4 34. Bxf4 Na6 35. Kf3 Kd7 36. g4 Kc6 37.
Ne3 Bc5 38. Nd5 f5 39. Nf6 fxe4+ 40. Kxe4 h5 41. gxh5 gxh5 42. Nxh5 Bb4 43. Be5 Bxa5 44. Nf4 Nc5+ 45. Kf5 Nd7 46. Bg7 Be1 47. Bd4 Kd6 48.
Ng2 Bd2 49. h4 c5 50. Be3 Bxe3 51. Nxe3 Ke7 52. h5 Kf7 1/2-1/2

[Event "Late-Titled-Tuesday-Blitz-March-26-2024"]
[Site "Chess.com"]
[Date "2024.03.26"]
[Round "3"]
[White "JiiHart"]
[Black "thesupera12"]
[Result "0-1"]
[WhiteElo "2191"]
[BlackElo "2421"]
[TimeControl "180+1"]
[EndTime "14:29:56 PDT"]
[Termination "thesupera12 won by resignation"]

1. e4 c5 2. c3 e5 3. d4 cxd4 4. cxd4 exd4 5. Nf3 Nc6 6. Nxd4 Nf6 7. Nc3 Bb4 8. Nxc6 dxc6 9. Qxd8+ Kxd8 10. Bg5 Be7 11.
Bc4 Ke8 12. e5 Nd7 13. Bxe7 Kxe7 14. f4 Nb6 15. Bb3 Be6 16. Bxe6 Kxe6 17. O-O Rhd8 18.
Ne4 Rd5 19. Ng5+ Ke7 20. Nxh7 f6 21. Rae1 Kf7 22. e6+ Kg8 23. e7 Re8 24. Nf8 Kf7 25. Ne6 Rxe7 26. f5 Rd2 27. Rf2 Rd3 28. g4 Nd5 29. h4 Rg3+ 30. Kh2 Rxg4 31. Nd8+ Ke8 32. Rxe7+ Kxe7 33. Nxb7 Rxh4+ 34. Kg3 Rb4 35. b3 Rxb7 36. Re2+ Kf7 37. Kg4 g6 38. fxg6+ Kxg6 39. Rc2 f5+ 40. Kf3 Rc7 41. Rc5 Kf6 42. a3 Ke5 43. b4 Kd4 44.
Ra5 Nb6 45. Rc5 Nd5 46. Ra5 Kc4 47. Rc5+ Kb3 48. Ra5 Nb6 49. Rxf5 Kxa3 50. Ke4 Kxb4 51. Kd3 c5 52. Kc2 c4 53. Rf4 Nd5 54. Rd4 Ne3+ 55. Kc1 Kb3 56. Re4 Rf7 57. Rxe3+ c3 58. Kd1 Rf1+ 59.
Ke2 Ra1 60. Re8 Kc2 61. Ke3 Re1+ 62. Kd4 Rxe8 0-1

[Event "Late-Titled-Tuesday-Blitz-March-26-2024"]
[Site "Chess.com"]
[Date "2024.03.26"]
[Round "3"]
[White "dianamirza"]
[Black "RianKapriaga"]
[Result "0-1"]
[WhiteElo "1977"]
[BlackElo "2354"]
[TimeControl "180+1"]
[EndTime "14:29:56 PDT"]
[Termination "RianKapriaga won on time"]

1. d4 Nf6 2. Nf3 d5 3. e3 c6 4.
Bd3 a6 5. b3 Bg4 6. Bb2 Nbd7 7.
h3 Bh5 8. Nbd2 e6 9. O-O Bd6 10.
Qe2 O-O 11. g4 Bg6 12. Bxg6 hxg6 13. Ne5 Ne4 14. Nxe4 dxe4 15. Nc4 Bc7 16. f4 exf3 17. Qxf3 Qg5 18. e4 f5 19. e5 fxg4 20. Qxg4 Qxg4+ 21. hxg4 b5 22. Nd2 Bb6 23. Ne4 Nxe5 24. Ng5 Nxg4 25.
Nxe6 Rxf1+ 26. Rxf1 Re8 27. Nc5 Bxc5 28. dxc5 Re2 29. Rd1 Ne3 30. Rd8+ Kh7 31. Be5 Rg2+ 32. Kh1 Rxc2 33. Bd6 Nf5 34. Bf8 Rxa2 35. Rc8 Nd4 36. Rc7 Nf3 37. Rxg7+ Kh8 0-1

[Event "Late-Titled-Tuesday-Blitz-March-26-2024"]
[Site "Chess.com"]
[Date "2024.03.26"]
[Round "3"]
[White "jefferyx"]
[Black "promen1999"]
[Result "1-0"]
[WhiteElo "3103"]
[BlackElo "2832"]
[TimeControl "180+1"]
[EndTime "14:29:57 PDT"]
[Termination "jefferyx won by resignation"]

1. d4 Nf6 2. c4 e6 3. Nc3 Bb4 4. Nf3 O-O 5. Bg5 h6 6. Bh4 c5 7.
e3 cxd4 8. exd4 Be7 9. Rc1 d5 10.
c5 b6 11. b4 a5 12. a3 axb4 13. axb4 bxc5 14. bxc5 Ne4 15. Bxe7 Qxe7 16. Bd3 Nxc3 17. Rxc3 Ba6 18. Ra3 e5 19. O-O e4 20. Bxa6 exf3 21.
Re3 Qg5 22. Qxf3 Rxa6 23. Re5 Qf6 24. Qxf6 Rxf6 25. Rxd5 Re8 26. h4 Nc6 27. Rd7 Re7 28. Rxe7 Nxe7 29. Ra1 Re6 30. Ra8+ Kh7 31. Kf1 Kg6 32.
Rd8 Re4 33. d5 Rd4 34. d6 Nf5 35. c6 Rc4 36. c7 Nxd6 37. Rxd6+ f6 38. Rd7 h5 39.
Ke2 Kh6 40. Kd3 Rc1 41. Kd4 g5 42. hxg5+ Kxg5 43. Rd5+ 1-0